 Dungeon Crawl Stone Soup version 0.28-a0-863-g8cecda6153 (webtiles) character file.

Game seed: 15682233339762769011

48 cheechan the Skirmisher (level 3, 0/34 HPs)
             Began as a Naga Fighter on Nov 18, 2021.
             Slain by a jackal (2 damage)
             ... on level 2 of the Dungeon.
             The game lasted 00:03:56 (879 turns).

cheechan the Skirmisher (Naga Fighter)               Turns: 879, Time: 00:03:57

Health: 0/34       AC:  5    Str: 18    XL:     3   Next: 72%
Magic:  3/3        EV:  7    Int:  8    God:
Gold:   38         SH:  4    Dex: 11    Spells: 2/2 levels left

rFire   . . .      SeeInvis +   a - +0 war axe
rCold   . . .      Faith    .   c - +0 buckler
rNeg    . . .      Spirit   .   b - +0 scale mail
rPois   +          Reflect  .   (no helmet)
rElec   .          Harm     .   (no cloak)
rCorr   .          Rampage  .   e - +0 pair of gloves
Will    .....                   (no barding)
Stlth   ..........              (no amulet)
HPRegen 0.11/turn               (no ring)
MPRegen 0.08/turn               (no ring)

@: short of breath, very slow
A: AC +1, large, see invisible, deformed body, poison resistance, slowness 2,
spit poison 1, naga tail 1
a: Spit Poison


You were on level 2 of the Dungeon.
You visited 1 branch of the dungeon, and saw 2 of its levels.

You collected 38 gold pieces.

Inventory:

Hand Weapons
 a - a +0 war axe (weapon)
 f - a +1 short sword of holy wrath
Missiles
 g - 41 bolts
Armour
 b - a +0 scale mail (worn)
 c - a +0 buckler (worn)
 e - a +0 pair of gloves (worn)
Potions
 d - a potion of might
 h - a potion of curing {unknown}


   Skills:
 + Level 3.5 Fighting
 + Level 2.9 Axes
 + Level 2.7 Armour
 + Level 2.6 Shields


You had 2 spell levels left.
You didn't know any spells.
Your spell library was empty.

Dungeon Overview and Level Annotations

Branches:
Dungeon (2/15)

Altars:


Innate Abilities, Weirdness & Mutations

Your serpentine skin is tough. (AC +1)
You have supernaturally acute eyesight. (SInv)
Armour fits poorly on your strangely shaped body.
Your system is resistant to poisons. (rPois)
You cover ground very slowly.
You can spit poison.
You have a snake-like lower body.


Message History

You block the adder's attack. The adder bites you.
You are poisoned.
The adder poisons you!
You hit the adder but do no damage.
The adder is moderately wounded.
You feel sick. The adder barely misses you.
The adder bites you but does no damage.
You closely miss the adder.
The adder is moderately wounded.
You feel sick. The adder bites you but does no damage. The adder bites you.
* * * LOW HITPOINT WARNING * * *
You hit the adder.
The adder is severely wounded.
You feel sick. The adder bites you but does no damage.
You miss the adder.
The adder is severely wounded.
You feel sick. The adder bites you but does no damage.
The adder closely misses you.
You miss the adder.
The adder is severely wounded.
You feel sick.
You are no longer poisoned.
The adder bites you but does no damage. The adder bites you.
* * * LOW HITPOINT WARNING * * *
You closely miss the adder.
The adder is severely wounded.
The adder bites you but does no damage. The adder closely misses you.
Abil: Spit Poison
Press: ? - help, Q - select action Shift-Dir - straight line, f/p - adder
Aim: an adder (severely wounded)
The splash of poison hits the adder!
The adder is poisoned.
You kill the adder!
Unknown command.
You barely miss the jackal.
The jackal bites you but does no damage.
The jackal closely misses you.
You barely miss the jackal. The jackal bites you.
* * * LOW HITPOINT WARNING * * *
The jackal bites you.
You die...

#... #... #..#+#
#..#.# #..#.#
########## #..#.#
#.......(#
####.###..#.#
#.######.#
..†..hh@..#.# #.#
#.# .###.###.##.#
#.# #.#
#......###.# #.#
#.#........# #.#
#.###############.#
#.# #......<...#..
#.# #.########.###
#.# #.######......
#.# #.#......#.###


You could see 2 jackals.

Vanquished Creatures
  2 adders (D:2)
  A dart slug (D:1)
  2 endoplasms (D:1)
  2 giant cockroaches (D:1)
  A jackal (D:2)
  4 quokkas (D:1)
  2 ball pythons (D:1)
  5 bats (D:1)
  3 frilled lizards (D:1)
  3 goblins (D:1)
  2 kobolds (D:1)
  A rat (D:1)
28 creatures vanquished.

Notes
Turn   | Place    | Note
-------+----------+-------------------------------------------
     0 | D:1      | cheechan the Naga Fighter began the quest for the Orb.
     0 | D:1      | Reached XP level 1. HP: 21/21 MP: 1/1
    64 | D:1      | Reached XP level 2. HP: 17/28 MP: 2/2
   484 | D:1      | Reached XP level 3. HP: 34/34 MP: 3/3
   879 | D:2      | Slain by a jackal

Illustrated notes

Levels and vault maps discovered:
D:1:      minmay_arrival_four_circles, layout_rooms
D:2:      layout_basic

Action                   || total
-------------------------++-------
Melee: War axe           ||    72
 Abil: Spit Poison       ||    12
Armor: Scale mail        ||    56
Dodge: Dodged            ||    37
Block: Buckler           ||    18

Table legend: (Time is in decaauts)
 A = Elapsed time spent in this place.
 B = Non-inter-level travel time spent in this place.
 C = Inter-level travel time spent in this place.
 D = Time resting spent in this place.
 E = Time spent auto-exploring this place.
 F = Levels seen in this place.
 G = Mean time per level.
                   A        B        C        D        E       F      G
               +--------+--------+--------+--------+--------+-----+--------+
         Total |   1217 |   1217 |      0 |      0 |      0 |   2 |  608.5 |
       Dungeon |   1217 |   1217 |      0 |      0 |      0 |   2 |  608.5 |
               +--------+--------+--------+--------+--------+-----+--------+

Top non-repeatable levels by time:
     D:1: 809 daAuts
     D:2: 408 daAuts
